 Dungeon Sprint DCSS version 0.27-a0-216-g1fbed8a51c (webtiles) character file.

Game seed: 6949469815454238962

4053 mhtbhm the Imperceptible (level 10, -2/52 HPs)
             Began as a Spriggan Brigand on Jan 31, 2021.
             Was a High Priest of Dithmenos.
             Slain by a spriggan rider
             ... wielding a +0 spear
              (7 damage)
             ... in the Dungeon (Sprint IV: "Fedhas' Mad Dash").
             The game lasted 00:02:58 (1188 turns).

mhtbhm the Imperceptible (Spriggan Brigand)         Turns: 1188, Time: 00:02:58

Health: -2/52      AC:  3    Str:  7    XL:     10   Next: 4%
Magic:  11/11      EV: 21    Int: 12    God:    Dithmenos [*****.]
Gold:   182        SH:  0    Dex: 22    Spells: 9/9 levels left

rFire    . . .     SeeInvis +   a - +2 dagger
rCold    . . .     Faith    .   (shield restricted)
rNeg     . . .     Spirit   .   b - +0 robe
rPois    .         Reflect  .   (helmet restricted)
rElec    .         Harm     .   c - +0 cloak
rCorr    .         Rampage  .   (gloves unavailable)
Will     +....     NoTele   +   (boots unavailable) Stlth *****+++++
                                m - amulet of invisibility {+Inv}
HPRegen  0.17/turn              (no ring)
MPRegen  0.12/turn              (no ring)

@: very slightly contaminated, wreathed by umbra, very quick
A: very small, unfitting armour, see invisible, speed 3
a: Renounce Religion, Evoke Invisibility, Shadow Step, Shadow Form


You were in the Dungeon.
You worshipped Dithmenos.
Dithmenos was extremely pleased with you.
You visited 1 branch You collected 182 gold pieces.

Inventory:

Hand Weapons
 a - a +2 dagger (weapon)
Missiles
 d - 6 poisoned darts (quivered)
Armour
 b - a +0 robe (worn)
 c - a +0 cloak (worn)
Jewellery
 m - the amulet of invisibility (around neck) {+Inv}
   (You found it in the Dungeon)

   [amulet of nothing]

   It lets you turn invisible.
Scrolls
 k - a scroll of blinking
 l - a scroll of fear {unknown}
 n - a scroll of silence {unknown}
 o - a scroll of remove curse {unknown}
 p - a scroll of fog {unknown}
Potions
 f - a potion of curing
 h - a potion of haste
 i - 2 potions of magic


   Skills:
 + Level 5.6 Fighting
 + Level 8.8 Short Blades
 + Level 6.6 Throwing
 + Level 4.8 Dodging
 + Level 25.3 Stealth
 + Level 9.5 Evocations


You had 9 spell levels left.
You didn't know any spells.
Your spell library contained the following spells:

 Spells                   Type           Power        Failure   Level
 Animate Skeleton         Necr           0%           32%         1
 Apportation              Tloc           0%           32%         1
 Corona                   Hex            0%           32%         1
 Summon Small Mammal      Summ           0%           32%         1
 Gell's Gravitas          Tloc           0%           69%         3
 Summon Guardian Golem    Hex/Summ       0%           69%         3
 Yara's Violent Unravell  Hex/Tmut       0%           100%        5
 Invisibility             Hex            0%           100%        6


Dungeon Overview and Level Annotations

Branches:
Dungeon (1/1)

Altars:
Cheibriados
Dithmenos
Elyvilon
Gozag
Hepliaklqana
Kikubaaqudgha
Makhleb
Nemelex Xobeh
Okawaru
Qazlal
Ru
Sif Muna
Trog
Uskayaw
Vehumet
Wu Jian
Xom
Yredelemnul
Zin
The Shining One
Beogh
Jiyva
Lugonu

Shops:
D [


Innate Abilities, Weirdness & Mutations

You are very small and have problems with some larger weapons.
You are too small for most types of armour.
You have supernaturally acute eyesight. (SInv)
You cover ground extremely quickly.


Message History

There is an open door, spattered with blood here.
There is an open door here.
There is an open door here.
What are your orders? t - Shout!
Orders for allies: a - Attack new target. p - Attack previous target. r - Retreat! s - Stop attacking. g - Guard the area. f - Follow me.
Anything else - Cancel.
Okay, then.
The spriggan rider looks more healthy.
There are no items here.
There are no items here.
Throw: 7 darts (poison)
Press: ? - help, Q - select action, (/) - cycle Shift-Dir - straight line, f/p - spriggan rider
Aim: a spriggan rider, wielding a +0 spear (lightly wounded, umbra, 45% to hit)
You throw a poisoned dart.
The poisoned dart barely misses the spriggan rider.
The spriggan rider hits you from afar with a +0 spear!
You die...

################################
..#.....#.....#.⌠._._._._.⌠.#.(+
..'.†...'.#...'.._._._._._..'..#
PP#.....#.#...#..._._._._...#..#
############'##.._._._._._..#..#
.♣........'...#._._._._._.⌠.#####
....♣.....#...###################
...♣..♣..######♣♣♣♣♣i.♣.###.'..'.
####'######..'..@.i(♣..♣##..#..#.
#..).'.......#♣..♣♣♣.♣).###.##+##
#..###.......#.♣♣.)♣...♣'i..# #
#### ########## ############


You could see a spriggan rider and a spriggan.

Vanquished Creatures
  A spriggan druid (D)
  6 oklob plants (D)
  2 burning bushes (D)
  A demonic crawler (D)
  A wandering mushroom (D)
  A queen bee (D)
  A spriggan (D)
  4 killer bees (D)
  5 oklob saplings (D)
  A worker ant (D)
  A river rat (D)
  A rat (D)
25 creatures vanquished.

Vanquished Creatures (others)
  A ballistomycete spore (D)
  2 fungi (D)
3 creatures vanquished.

Grand Total: 28 creatures vanquished

Notes
Turn   | Place    | Note
-------+----------+-------------------------------------------
     0 | D        | mhtbhm the Spriggan Brigand began the quest for the Orb.
     0 | D        | Reached XP level 1. HP: 10/10 MP: 2/2
    11 | D        | Reached skill level 8 in Stealth
    11 | D        | Reached XP level 2. HP: 15/15 MP: 3/3
    25 | D        | Noticed an oklob sapling
    26 | D        | Killed an oklob sapling
    27 | D        | Reached skill level 9 in Stealth
    27 | D        | Reached XP level 3. HP: 18/18 MP: 4/4
    30 | D        | Found the amulet of invisibility {+Inv}
    39 | D        | Reached skill level 10 in Stealth
    75 | D        | Found an opulent altar of Gozag.
    75 | D        | Found a hazy altar of Hepliaklqana.
    75 | D        | Found a burning altar of Makhleb.
    75 | D        | Found a roughly hewn altar of Beogh.
    75 | D        | Found a sparkling altar of Nemelex Xobeh.
    75 | D        | Found a snail-covered altar of Cheibriados.
    75 | D        | Found a sacrificial altar of Ru.
    75 | D        | Found a shimmering blue altar of Sif Muna.
    75 | D        | Found a shimmering altar of Xom.
    75 | D        | Found a basalt altar of Yredelemnul.
    76 | D        | Found a viscous altar of Jiyva.
    76 | D        | Found a bloodstained altar of Trog.
    76 | D        | Found an ornate altar of the Wu Jian Council.
    76 | D        | Noticed an oklob sapling priest
    77 | D        | Found an iron altar of Okawaru.
    77 | D        | Found a shadowy altar of Dithmenos.
    77 | D        | Found a glowing silver altar of Zin.
    78 | D        | Found an ancient bone altar of Kikubaaqudgha.
    78 | D        | Found a hide-covered altar of Uskayaw.
    79 | D        | Found a stormy altar of Qazlal.
    79 | D        | Found a white marble altar of Elyvilon.
    79 | D        | Found a glowing golden altar of the Shining One.
    80 | D        | Found a corrupted altar of Lugonu.
    80 | D        | Found a radiant altar of Vehumet.
    83 | D        | Killed an oklob sapling priest
    84 | D        | Reached skill level 12 in Stealth
    84 | D        | Reached XP level 4. HP: 23/23 MP: 2/5
    86 | D        | Became a worshipper of Dithmenos the Shadowed
    96 | D        | Reached skill level 13 in Stealth
    96 | D        | Reached skill level 1 in Evocations
    96 | D        | Reached XP level 5. HP: 28/28 MP: 3/6
   266 | D        | Noticed a queen bee
   273 | D        | Killed a queen bee
   273 | D        | Reached * piety under Dithmenos
   274 | D        | Reached skill level 5 in Short Blades
   274 | D        | Reached skill level 16 in Stealth
   274 | D        | Reached XP level 6. HP: 33/33 MP: 4/7
   275 | D        | Reached skill level 17 in Stealth
   277 | D        | Reached ** piety under Dithmenos
   279 | D        | Reached skill level 5 in Throwing
   279 | D        | Reached skill level 18 in Stealth
   279 | D        | Reached XP level 7. HP: 37/37 MP: 4/8
   280 | D        | Noticed an oklob plant
   283 | D        | Killed an oklob plant
   284 | D        | Reached skill level 20 in Stealth
   328 | D        | Noticed a burning bush
   331 | D        | Killed a burning bush
   332 | D        | Reached skill level 5 in Evocations
   332 | D        | Reached XP level 8. HP: 42/42 MP: 9/9
   353 | D        | Noticed a burning bush
   353 | D        | Noticed an oklob plant
   354 | D        | Noticed a wandering mushroom
   355 | D        | Killed a burning bush
   355 | D        | Reached *** piety under Dithmenos
   356 | D        | Reached skill level 21 in Stealth
   360 | D        | Killed an oklob plant
   361 | D        | Reached skill level 22 in Stealth
   364 | D        | Killed a wandering mushroom
   365 | D        | Reached XP level 9. HP: 46/46 MP: 8/10
   366 | D        | Identified the Papyrus of Bewitching Orientation
   377 | D        | Noticed a spriggan druid
   378 | D        | Killed a spriggan druid
   378 | D        | Reached **** piety under Dithmenos
   379 | D        | Reached skill level 5 in Fighting
   379 | D        | Reached skill level 23 in Stealth
   422 | D        | Noticed an oklob plant conjurer
   423 | D        | Killed an oklob plant conjurer
   613 | D        | Noticed an oklob plant
   613 | D        | Noticed an oklob plant summoner
   614 | D        | Noticed an oklob plant shifter
   618 | D        | Killed an oklob plant
   619 | D        | Reached skill level 24 in Stealth
   620 | D        | Killed an oklob plant summoner
   623 | D        | Killed an oklob plant shifter
   623 | D        | Reached ***** piety under Dithmenos
   628 | D        | Noticed a demonic crawler
   836 | D        | Killed a demonic crawler
   837 | D        | Reached skill level 25 in Stealth
   837 | D        | Reached XP level 10. HP: 25/51 MP: 11/11
  1138 | D        | Noticed a spriggan rider
  1139 | D        | Found Waatif's Armour Emporium.
  1161 | D        | HP: 2/52 [spriggan rider/+0 spear (20)]
  1188 | D        | Slain by a spriggan rider

Illustrated notes

Levels and vault maps discovered:
D:        dungeon_sprint_fedhas [sprint_temple]

Skill      XL: |  1  2  3  4  5  6  7  8  9 |
---------------+----------------------------+-----
Stealth        | 8 9 12 13 16 18 20 22 25 | 25.3
Fighting       | 2 3 4 5 |  5.6
Short Blades   | 3 4 5 6 7 8 |  8.8
Dodging        | 2 3 4 |  4.8
Throwing       | 3 4 5 6 |  6.6
Evocations     | 1 3 5 7 9 |  9.5

Action                   |  1- 3 |  4- 6 |  7- 9 | 10-12 || total
-------------------------+-------+-------+-------+-------++-------
Melee: Dagger            |    10 |     7 |    22 |    16 ||    55
Throw: Dart              |     2 |       |     1 |     4 ||     7
 Abil: Evoke Invisibilit |     1 |     1 |     2 |     1 ||     5
  Use: Potion            |       |       |     1 |     1 ||     2
 Stab: Sleeping          |     2 |     7 |    10 |       ||    19
       Invisible         |       |       |     1 |       ||     1
Armor: Robe              |       |       |       |     1 ||     1
Dodge: Dodged            |     4 |       |    13 |     9 ||    26

Table legend: (Time is in decaauts)
 A = Elapsed time spent in this place.
 B = Non-inter-level travel time spent in this place.
 C = Inter-level travel time spent in this place.
 D = Time resting spent in this place.
 E = Time spent auto-exploring this place.
 F = Levels seen in this place.
 G = Mean time per level.
                   A        B        C        D        E       F      G
               +--------+--------+--------+--------+--------+-----+--------+
         Total |   1077 |   1077 |      0 |    822 |      0 |   1 | 1077.0 |
       Dungeon |   1077 |   1077 |      0 |    822 |      0 |   1 | 1077.0 |
               +--------+--------+--------+--------+--------+-----+--------+

Top non-repeatable levels by time:
       D: 1077 daAuts
